 Dungeon Crawl Stone Soup version 0.31-a0-667-g39726597b9 (webtiles) character file.

Game seed: 4333785184376015918

23 Bravepunisher the Ducker (level 2, -2/16 HPs)
             Began as a Spriggan Monk on Sept 3, 2023.
             Slain by a hound (3 damage)
             ... on level 5 of the Dungeon.
             The game lasted 00:02:28 (490 turns).

Bravepunisher the Ducker (Spriggan Monk)             Turns: 490, Time: 00:02:28

Health: -2/16      AC:  2    Str:  7    XL:     2   Next: 75%
Magic:  3/3        EV: 19    Int: 11    God:
Gold:   31         SH:  0    Dex: 17    Spells: 1/1 levels left

rFire   . . .        h - +1 whip (venom)
rCold   . . .        d - orb {light}
rNeg    . . .        b - +0 robe
rPois   .            (helmet restricted)
rElec   .            (no cloak)
rCorr   .            (gloves unavailable)
SInv    +            (boots unavailable)
Will    .....        (no amulet)
Stlth   +            (no ring)
HPRegen 0.22/turn    (no ring)
MPRegen 0.08/turn

%: no passive effects
@: glowing, very quick
A: very small, no large weapons, unfitting armour, see invisible, speed 3
a: no special abilities


You were on level 5 of the Dungeon.
You visited 1 branch of the dungeon, and saw 5 of its levels.

You collected 31 gold pieces.

Inventory:

Hand Weapons
 h - a +1 whip of venom (weapon)
Armour
 b - a +0 robe (worn)
 d - an orb of light (worn)
Wands
 i - a wand of quicksilver (10)
Scrolls
 a - a scroll of revelation {unknown}
Potions
 c - a potion of ambrosia
 e - a potion of might {unknown}
 f - a potion of attraction {unknown}
 g - a potion of brilliance {unknown}


   Skills:
 + Level 2.7 Fighting
 - Level 3.2 Short Blades
 * Level 5.0 Dodging


You had one spell level left.
You didn't know any spells.
Your spell library was empty.

Dungeon Overview and Level Annotations

Branches:
Dungeon (5/15)
 Temple: D:4-7

Altars:
Yredelemnul

Shops:
D:2 *


Innate Abilities, Weirdness & Mutations

You are very small and have problems with some larger weapons.
You are too small for most types of armour.
You have supernaturally acute eyesight. (SInv)
You cover ground extremely quickly. (Speed+++)


Message History

There is a stone staircase leading down here.
You climb downwards.
There is a stone staircase leading up here.
Found a scroll labelled KORATZ DOLIRI and a dagger.
Found an escape hatch in the ceiling.
Found a stone staircase leading down.
The ice beast attacks as it pursues you!
The ice beast barely misses you.
Found a forked wooden wand.
There is an escape hatch in the ceiling here.
Found 6 gold pieces and a scroll labelled MAEBOU ORIS.
You see here a wand of quicksilver (10).
i - a wand of quicksilver (10)
Found 3 stones.
A hound comes into view.
The hound barks!
You hear an angry hiss.
The hound misses you. The hound bites you but does no damage.
Found a stone staircase leading up.
An adder comes into view.
The adder hisses angrily.
There is a stone staircase leading up here.
Found a long sword.
An iguana comes into view.
The iguana hisses angrily.
The hound stops to sniff the ground.
Found a book of Death and 13 gold pieces.
Found a stone staircase leading up.
A scorpion comes into view.
The scorpion attacks as it pursues you! The scorpion misses you.
Found a scroll labelled MAEBOU ORIS.
The iguana attacks as it pursues you! The iguana bites you!
Ouch! That really hurt!
* * * LOW HITPOINT WARNING * * *
Found a pair of embroidered gloves.
The hound bites you.
* * * LOW HITPOINT WARNING * * *
A worm comes into view.
The hound attacks as it pursues you! The hound misses you.
The hound attacks as it pursues you! The hound bites you.
You die...

. ### ####.......) #.
...###...S.######
.##.#.#.#.#.##
#.......Y....#
##.#.#.#.#.##
#...........:##
.####.#.#.#.#.#.$#
............<..#.######
##.##.#.#.#.#.#@...w...
#.......S..h########
##s#.#.#.#.##
#.......l...#
##.#.#.#.#.##
#......s....#
##.#.#.#.#.##
#...........#
##.#.#.#.#.##


You could see an ice beast, a worm, a scorpion, an iguana, a hound and an adder.

Vanquished Creatures
  A worm (D:2)
  An orc (D:3)
  3 ball pythons
  A bat (D:2)
  An endoplasm (D:2)
  A giant cockroach (D:4)
  2 hobgoblins
  2 jackals (D:2)
  2 kobolds
  3 rats
17 creatures vanquished.

Notes
Turn   | Place    | Note
-------+----------+-------------------------------------------
     0 | D:1      | Bravepunisher the Spriggan Monk began the quest for the
                  | Orb.
     0 | D:1      | Reached XP level 1. HP: 11/11 MP: 2/2
   114 | D:2      | Found Yboawu's Assorted Antiques.
   191 | D:2      | Found a basalt altar of Yredelemnul.
   194 | D:2      | Reached XP level 2. HP: 16/16 MP: 3/3
   396 | D:3      | Reached skill level 5 in Dodging
   434 | D:5      | Entered Level 5 of the Dungeon
   434 | D:5      | Noticed an ice beast
   471 | D:5      | Noticed a scorpion
   490 | D:5      | Slain by a hound

Illustrated notes

Levels and vault maps discovered:
D:1:      dpeg_arrival_boxes_within_box, layout_basic
D:2:      layout_loops_ring, basic_altar, serial_shops,
          nicolae_shop_overgrown_old_shop, reono_crystal_passage
D:3:      layout_loops_cross, shapermc_ecumenical_altar_hornbeckon,
          wad_orctagon, uniq_terence
D:4:      layout_cave_pools, kennysheep_crisscross, uniq_ijyb
D:5:      cheibrodos_thug_alley, layout_loops_ring, st_stairs_11, hex_tiny

Skill      XL: |  1  2 |
---------------+-------+-----
Dodging        | 5 |  5.0
Fighting       | |  2.7
Short Blades   | |  3.2

Action                     || total
---------------------------++-------
  Melee: Short sword       ||    36
         Whip              ||    15
 Armour: Robe              ||    13
  Dodge: Dodged            ||    46

Table legend: (Time is in decaauts)
 A = Elapsed time spent in this place.
 B = Non-inter-level travel time spent in this place.
 C = Inter-level travel time spent in this place.
 D = Time resting spent in this place.
 E = Time spent auto-exploring this place.
 F = Levels seen in this place.
 G = Mean time per level.
                   A        B        C        D        E       F      G
               +--------+--------+--------+--------+--------+-----+--------+
         Total |    326 |    326 |      0 |      0 |    143 |   5 |   65.2 |
       Dungeon |    326 |    326 |      0 |      0 |    143 |   5 |   65.2 |
               +--------+--------+--------+--------+--------+-----+--------+

Top non-repeatable levels by time:
     D:2: 131 daAuts
     D:1: 81 daAuts
     D:3: 66 daAuts
     D:5: 34 daAuts
     D:4: 12 daAuts
